 Dungeon Crawl Stone Soup version 0.19-a0-1384-gbb462ca (webtiles) character file.

237828 DungeonMaster the Severer (level 18, -2/116 HPs)
             Began as a Demonspawn Wanderer on July 19, 2016.
             Was an Initiate of Gozag.
             Slain by an orc warlord
             ... wielding a +2 bardiche
              (12 damage)
             ... on level 2 of the Vaults on Sept 3, 2016.
             The game lasted 03:04:36 (37756 turns).

DungeonMaster the Severer (Demonspawn Wanderer)    Turns: 37756, Time: 03:04:37

Health: -2/116     AC: 41    Str: 17 (18) XL:     18   Next: 97%
Magic:  18/18      EV:  5    Int: 13 (14) God:    Gozag
Gold:   2552       SH: 23    Dex: 15      Spells: 2 memorised, 18 levels left

rFire  + + .     SeeInvis +     a - +3 broad axe (freeze)
rCold  + + .     Gourm    .     p - +9 armour of the Dragon King {rPois rF+ rC+ MR+}
rNeg   . . .     Faith    .     V - +3 large shield {reflect}
rPois  +         Spirit   .     (helmet unavailable)
rElec  +         Dismiss  .     l - +2 cloak {rPois}
rCorr  +         Reflect  +     W - +1 pair of gloves {archery}
MR     ++...     Harm     .     O - +1 pair of boots of the Learner {rF+ rC+}
Stlth  ..........               F - amulet of rage
                                e - ring of resist corrosion
                                X - ring of see invisible

@: exhausted, slowed, very slow
A: antennae 3, thin metallic scales 3, frail 2, low mp 1, poison resistance,
powered by death 1, spiny 2
a: Potion Petition, Call Merchant, Bribe Branch, Renounce Religion, Evoke
Berserk Rage
}: 1/15 runes: serpentine


You were on level 2 of the Vaults.
You worshipped Gozag.
Gozag was most pleased with you.
You were not hungry.

You visited 6 branches of the dungeon, and saw 30 of its levels.
You visited the Abyss 2 times.
You also visited: Labyrinth and Desolation.

You collected 14869 gold pieces.
You spent 2538 gold pieces at shops.
You paid 9779 gold pieces to Gozag.

Inventory:

Hand Weapons
 a - a +3 broad axe of freezing (weapon)
 s - a +3 scimitar of flaming
 w - a +0 blowgun
Missiles
 r - 8 needles of confusion
 v - 152 poisoned needles
 I - 3 throwing nets (quivered)
Armour
 l - a +2 cloak of poison resistance (worn)
 p - the +9 armour of the Dragon King (worn) {rPois rF+ rC+ MR+}
   (You found it on level 15 of the Dungeon)

   It protects you from fire.
   It protects you from cold.
   It protects you from poison.
   It affects your resistance to hostile enchantments.
 O - the +1 pair of boots of the Learner (worn) {rF+ rC+}
   (You bought it in a shop on level 5 of the Dungeon)

   It protects you from fire.
   It protects you from cold.
 V - a +3 large shield of reflection (worn)
 W - a +1 pair of gloves of archery (worn)
Rods
 c - a +0 iron rod (12/12)
   (You found it on level 2 of the Abyss)
Jewellery
 e - a ring of resist corrosion (right hand)
 q - the ring "Ymirirusch" {+Fly Int+5 Dex+3 Slay-6}
   (You found it in a labyrinth)

   [ring of dexterity]

   It affects your intelligence (+5).
   It affects your dexterity (+3).
   It affects your accuracy and damage with ranged weapons and melee attacks
   (-6).
   It lets you fly.
 F - an amulet of rage (around neck)
 X - a ring of see invisible (left hand)
Wands
 f - a wand of hasting (0/9)
 i - a wand of disintegration (0/24)
 m - a wand of teleportation (3/9)
 M - a wand of digging (5/24)
Scrolls
 d - a scroll of identify
 j - a scroll of silence
 o - 4 scrolls of fog
 z - 9 scrolls of remove curse
 E - 3 scrolls of fear
 P - 2 scrolls of magic mapping
Potions
 h - 8 potions of ambrosia
 t - 4 potions of berserk rage
 B - 5 potions of flight
 L - 5 potions of curing
 N - a potion of resistance
 U - a potion of cancellation
Miscellaneous
 b - a fan of gales (inert)
 k - a phantom mirror
Comestibles
 G - 3 meat rations


   Skills:
 * Level 13.8 Fighting
 - Level 18.0 Axes
   Level 2.6(12.4) Polearms
 - Level 1.0 Throwing
 * Level 13.5 Armour
 * Level 10.5 Dodging
 - Level 1.0 Stealth
 * Level 17.0 Shields
 - Level 2.0 Spellcasting
 - Level 1.0 Translocations
 - Level 3.6 Evocations


You had 18 spell levels left.
You knew the following spells:

 Your Spells              Type           Power        Failure   Level  Hunger
a - Apportation           Tloc           #.........   100%        1    ##.....
b - Repel Missiles        Chrm/Air       #.....       100%        2    ###....


Dungeon Overview and Level Annotations

Branches:
Dungeon (15/15)            Temple (1/1) D:5            Lair (6/6) D:9
 Shoals (0/4) Lair:2        Snake (4/4) Lair:4        Slime (0/5) Lair:5
    Orc (2/2) D:10            Elf (0/3) Orc:2        Vaults (2/5) D:13
  Crypt (0/3) Vaults:2     Depths (0/5) D:15

Altars:
Ashenzari
Cheibriados
Dithmenos
Elyvilon
Fedhas
Gozag
Hepliaklqana
Kikubaaqudgha
Makhleb
Nemelex Xobeh
Okawaru
Qazlal
Ru
Sif Muna
Trog
Uskayaw
Vehumet
Xom
Yredelemnul
Zin
The Shining One
Beogh
Jiyva

Shops:
D:5 *[   D:9 [(=[   D:11 [   D:13 *   D:15 ((([(   Orc:1 (   Orc:2 %[[(
Snake:1 }   Snake:2 [   Vaults:1 (

Annotations:
D:10 1 runed door


Innate Abilities, Weirdness & Mutations

You have a pair of large antennae on your head. (SInv)
You are completely covered in thin metallic scales. (AC +4, rElec)
You regenerate a little health from kills.
You are mostly covered in sharp spines.
Your system is resistant to poisons. (rPois)
[You are very frail. (-20% HP)]
[Your magical capacity is low. (-10% MP)]


Message History

The death knight hits you but does no damage.
The death knight reflects your damage back at you!
* * * LOW HITPOINT WARNING * * *
The cyclops throws a large rock.
The large rock hits you but does no damage.
You see here a large rock.
The death knight calls down the wrath of Yredelemnul upon you.
You resist with almost no effort.
The orc warlord hits you but does no damage.
The cyclops is distracted by the nearby gold.
The orc warlord hits you from afar with an enchanted bardiche.
* * * LOW HITPOINT WARNING * * *
Evoke which item? (* to show all) (? for menu, Esc to quit)
A fierce wind blows from the fan.
The orc warlord and the death knight are blown away by the wind.
The death knight's dark mirror aura disappears.
You feel better. You block the death knight's attack.
The orc warlord hits you from afar with an enchanted bardiche!
You die...
Your body crumbles into a pile of gold.

...$$....'.#..#....##...........#
'#########....###..##...........)
.(,,,,* #.###..#...'...........#
.,,,,,* #...#..###.'..#######..#
....,,* ##..###....#..#.....'..#
......# #....#..#.'..#.....#..#
......# *#...#.#.(#..#.....#..#
....(.# *##......#############
#####'##########@################
......((.......p.................
....$.(..C....o..................
.(..$($.($$$(....................
..($$$$(...$.....................
..(..$$$..$...........).o........
##########'############'######...
# *,......# #......##... #
*,......# #..)...##...


You could see an orc warlord, a death knight and a cyclops.

Vanquished Creatures
  Boris (Vaults:2)
  A lich (Abyss:2)
  A sphinx (D:15)
  An Executioner (Abyss:2)
  2 tentacled starspawn (Abyss:2)
  Kirke (Snake:2)
  6 greater nagas (Snake:4)
  An iron dragon (D:15)
  Aizul (Snake:2)
  A frost giant (D:15)
  6 vault wardens
  A fire giant (D:15)
  2 orc warlords
  2 ironheart preservers
  5 very ugly things (Vaults:2)
  2 entropy weavers
  2 vampire knights (Vaults:2)
  Azrael (D:13)
  A purple draconian (Abyss:2)
  2 ettins
  A deep elf death mage (Vaults:2)
  4 fire dragons
  A great orb of eyes (D:15)
  6 ogre magi
  A minotaur (Lab)
  Josephine (D:12)
  Fannar (D:10)
  3 yaktaur captains
  4 hydras
  11 vault guards
  The ghost of mistymad the Fighter, a journeyman FoAK of Lugonu (Lair:2)
  7 naga warriors
  Harold (Lair:4)
  2 ice dragons
  4 centaur warriors
  4 anacondas
  Erica (D:10)
  16 death yaks
  3 thrashing horrors (Abyss:2)
  A deep troll earth mage (D:15)
  A sun demon (Abyss:2)
  6 shock serpents
  Nergalle (Lair:3)
  4 deep elf knights
  3 orc high priests (Orc:1)
  9 naga sharpshooters
  A fire crab (shapeshifter) (Abyss:2)
  A storm dragon skeleton (Vaults:2)
  A sixfirhy (Abyss:2)
  4 wretched stars (Abyss:2)
  2 salamander mystics (Snake:2)
  2 skeletal warriors (Vaults:2)
  4 unseen horrors
  A giant orange brain (Vaults:2)
  6 hill giants
  6 naga ritualists
  A deep elf archer (Vaults:1)
  12 orc knights
  3 wizards
  9 ironbrand convokers
  2 phantasmal warriors
  3 mana vipers
  3 wolf spiders
  6 deep elf magi
  2 necromancers
  4 griffons
  9 orc sorcerers
  A sphinx skeleton (Vaults:1)
  A hornet (Lair:6)
  11 ugly things
  3 cyclopes
  8 salamanders
  2 worldbinders (Abyss:2)
  3 elephants (Lair:4)
  4 vault sentinels
  4 guardian serpents
  A dire elephant zombie (Abyss:2)
  A siren (Lair:2)
  A rust devil (Abyss:2)
  27 naga magi
  4 smoke demons (Abyss:2)
  A gargoyle (D:12)
  27 black mambas
  2 human zombies (Vaults:1)
  A yaktaur zombie (Vaults:1)
  A kobold demonologist (D:13)
  13 spiny frogs
  14 yaktaurs
  A yaktaur (shapeshifter) (Abyss:2)
  2 rime drakes
  A demonic crawler (Abyss:2)
  3 freezing wraiths
  7 komodo dragons
  3 ancient zymes (Abyss:2)
  3 hellwings (Abyss:2)
  An ice devil (Abyss:2)
  An efreet (D:14)
  A meliai (shapeshifter) (Vaults:2)
  A jumping spider (shapeshifter) (Vaults:1)
  A polar bear (Lair:2)
  6 trolls
  12 two-headed ogres
  4 saltlings (Desolation)
  Prince Ribbit (D:8)
  22 slime creatures
  11 raiju (Abyss:2)
  A meliai zombie (D:13)
  A boulder beetle (Vaults:1)
  A flying skull (Abyss:2)
  2 spriggans
  A ynoxinul (Abyss:2)
  A shadow (D:12)
  8 wraiths
  46 yaks
  12 wyverns
  4 fire elementals (D:13)
  A fire bat (Abyss:2)
  A human (D:10)
  Grum (D:10)
  7 basilisks
  12 hippogriffs
  5 small abominations (Abyss:2)
  A hog (Snake:2)
  5 large abominations (Abyss:2)
  A mottled dragon (shapeshifter) (Vaults:1)
  2 neqoxecs (Abyss:2)
  3 steam dragons
  A chaos spawn (Abyss:2)
  A swamp worm (shapeshifter) (Vaults:1)
  A yaktaur simulacrum (Vaults:1)
  3 hungry ghosts
  2 wargs
  3 mottled dragons
  13 water moccasins
  34 nagas
  5 swamp worms (Lair:4)
  Duvessa (D:5)
  4 hell hounds (D:13)
  9 porcupines
  4 sky beasts
  2 black bears
  2 eyes of draining (Abyss:2)
  13 ice beasts
  3 swamp drakes (Lair:6)
  A swamp dragon zombie (Abyss:2)
  3 wasps (Lair:6)
  A necrophage (D:10)
  62 orc warriors
  30 ogres
  An eye of draining (shapeshifter) (Vaults:2)
  2 phantoms
  23 centaurs
  5 boggarts (Vaults:1)
  21 wolves
  13 crocodiles
  An elf skeleton (Vaults:2)
  3 big kobolds
  6 giant frogs
  A gnoll sergeant (D:7)
  Dowan (D:5)
  An earth elemental (Abyss:2)
  A wyvern skeleton (D:13)
  6 scorpions
  10 killer bees
  25 wights
  5 howler monkeys
  4 crimson imps
  2 centaur zombies
  A giant frog zombie (D:7)
  10 hounds
  A quasit (Abyss:2)
  4 jellies
  A wasp zombie (D:12)
  21 orc priests
  2 giant frog skeletons
  2 iron imps (Abyss:2)
  2 centaur skeletons
  13 iguanas
  25 orc wizards
  9 worker ants
  16 removed MONS_SHEEPs
  A hound skeleton (D:8)
  8 gnolls
  29 adders
  47 river rats
  5 shadow imps
  An adder zombie (D:8)
  An adder skeleton (D:4)
  18 worms
  2 dart slugs
  6 giant geckos
  92 orcs
  4 giant cockroaches
  5 goblins
  8 hobgoblins
  16 jackals
  13 kobolds
  3 quokkas
  4 ball pythons
  4 bats
  A giant cockroach zombie (D:6)
  2 giant newts
  An orc zombie (Abyss:2)
  A quokka zombie (D:5)
  10 rats
  A butterfly (Lair:4)
  7 fungi
  12 plants
1284 creatures vanquished.

Vanquished Creatures (collateral kills)
  A troll (Vaults:2)
  An orc warrior (Orc:1)
  2 orcs
4 creatures vanquished.

Vanquished Creatures (others)
  Asterion (Snake:4)
  A naga warrior (Snake:4)
  2 dancing weapons (D:13)
  3 naga sharpshooters
  3 shadow wraiths
  A wizard (Vaults:1)
  A cyclops (D:15)
  2 yaktaurs (Vaults:2)
  A human (Snake:2)
  A naga (Snake:4)
  2 orc warriors (Orc:2)
  An ogre (Vaults:1)
  3 centaurs
  A scorpion (shapeshifter) (Vaults:2)
  A small abomination (Abyss:2)
  2 orcs (Orc:2)
  A quokka (D:3)
  A kobold (D:12)
  17 fungi
  A lurking horror (Abyss:2)
  24 plants
  4 starspawn tentacles (Abyss:2)
74 creatures vanquished.

Grand Total: 1362 creatures vanquished

Notes
Turn   | Place    | Note
-------+----------+-------------------------------------------
     0 | D:1      | DungeonMaster the Demonspawn Wanderer began the quest for the Orb.
     0 | D:1      | DungeonMaster set off with: a +0 shield, Saxkauf's Tome of Evil Arts, a potion of lignification, a +0 robe, a +0 club, a bread ration
     0 | D:1      | Reached XP level 1. HP: 15/15 MP: 3/3
     0 | D:1      | Identified Saxkauf's Tome of Evil Arts
   414 | D:1      | Gained mutation: You regenerate a little health from kills. [demonic ancestry]
   414 | D:1      | Reached XP level 2. HP: 17/21 MP: 5/5
   926 | D:1      | Reached skill level 1 in Armour
  1263 | D:1      | Reached XP level 3. HP: 21/27 MP: 6/6
  1639 | D:2      | Gained mutation: You are partially covered in thin metallic scales. (AC +2) [demonic ancestry]
  1639 | D:2      | Reached XP level 4. HP: 18/33 MP: 7/7
  1888 | D:2      | Found a bloodstained altar of Trog.
  1888 | D:2      | Found a shimmering altar of Xom.
  1950 | D:2      | Found a glowing golden altar of the Shining One.
  2057 | D:2      | Found a deep blue altar of Sif Muna.
  2079 | D:2      | Found an iron altar of Okawaru.
  2174 | D:2      | Found an opulent altar of Gozag.
  2175 | D:2      | Found a glowing silver altar of Zin.
  2196 | D:2      | Became a worshipper of Gozag Ym Sagoz the Greedy
  2309 | D:3      | Reached skill level 1 in Axes
  2309 | D:3      | Reached XP level 5. HP: 39/39 MP: 8/8
  2688 | D:3      | Found a white marble altar of Elyvilon.
  3055 | D:3      | Found a sacrificial altar of Ru.
  3363 | D:4      | Reached XP level 6. HP: 41/47 MP: 9/9
  3601 | D:4      | Reached skill level 2 in Axes
  4078 | D:5      | Entered Level 5 of the Dungeon
  4132 | D:5      | Got a steaming ring mail
  4155 | D:5      | Identified the +0 ring mail "Nuttip" {Dex+3} (You found it on level 5 of the Dungeon)
  4174 | D:5      | Found a staircase to the Ecumenical Temple.
  4174 | D:5      | Found Roelead's Elemental Accessories.
  4553 | D:5      | Reached XP level 7. HP: 49/53 MP: 10/10
  4696 | Temple   | Entered the Ecumenical Temple
  4891 | D:5      | Reached skill level 3 in Axes
  5261 | D:6      | Noticed a wyvern
  5268 | D:6      | Killed a wyvern
  5484 | D:6      | Noticed Dowan
  5485 | D:6      | Noticed Duvessa
  5714 | D:5      | Killed Duvessa
  5714 | D:5      | Gained mutation: You are mostly covered in thin metallic scales. (AC +3) [demonic ancestry]
  5714 | D:5      | Reached XP level 8. HP: 28/61 MP: 11/11
  5714 | D:5      | Killed Dowan
  5841 | D:6      | Reached skill level 5 in Shields
  5853 | D:6      | Reached skill level 4 in Axes
  5889 | D:6      | Reached skill level 5 in Fighting
  5987 | D:6      | Found a snail-covered altar of Cheibriados.
  6268 | D:7      | Reached skill level 5 in Armour
  6372 | D:7      | Noticed a two-headed ogre
  6384 | D:7      | Killed a two-headed ogre
  6459 | D:7      | Reached skill level 5 in Axes
  6459 | D:7      | Gained mutation: You have a pair of small antennae on your head. [demonic ancestry]
  6459 | D:7      | Reached XP level 9. HP: 65/69 MP: 12/12
  7188 | D:5      | Bought the +1 pair of boots of the Learner {rF+ rC+} for 305 gold pieces
  7483 | D:8      | Noticed Prince Ribbit
  7497 | D:8      | Killed Prince Ribbit
  7640 | D:8      | Found a glowing golden altar of the Shining One.
  7797 | D:8      | Reached skill level 6 in Axes
  7986 | D:8      | Gained mutation: You are partially covered in sharp spines. [demonic ancestry]
  7986 | D:8      | Reached XP level 10. HP: 77/79 MP: 13/13
  8074 | D:8      | Found a snail-covered altar of Cheibriados.
  8382 | D:9      | Found a staircase to the Lair.
  8421 | D:9      | Noticed a hand axe
  8422 | D:9      | Noticed a hand axe
  8427 | D:9      | Found a hide-covered altar of Uskayaw.
  8583 | D:9      | Found a sparkling altar of Nemelex Xobeh.
  8662 | D:9      | Got an ancient hand axe
  8857 | D:9      | Identified the +7 hand axe of Fefohigg {chop, rF- MP+9 Dex+2} (You found it on level 9 of the Dungeon)
  9162 | D:9      | Found Iqugir Ahum's Antique Armour Shop.
  9166 | D:9      | Bought a dazzling scale mail for 252 gold pieces
  9166 | D:9      | Bought a shiny large shield for 126 gold pieces
  9188 | D:9      | Identified the cursed +0 scale mail of Upharuall {+Blink rF+ Int+4} (You bought it in a shop on level 9 of the Dungeon)
  9200 | D:9      | Bought a cloak for 126 gold pieces
  9307 | D:9      | Found an ancient bone altar of Kikubaaqudgha.
  9359 | D:9      | Learned a level 1 spell: Apportation
  9414 | D:10     | Entered Level 10 of the Dungeon
  9414 | D:10     | Noticed Grum
  9468 | D:10     | Found a staircase to the Orcish Mines.
  9488 | D:10     | Reached skill level 7 in Axes
  9684 | D:10     | Killed Grum
  9758 | D:10     | Noticed Erica
  9771 | D:10     | Killed Erica
  9771 | D:10     | Reached XP level 11. HP: 56/87 MP: 14/14
  9985 | D:10     | Noticed Fannar
 10012 | D:10     | Killed Fannar
 10243 | D:10     | Found a runed door.
 10243 | D:10     | Noticed a great orb of eyes
 10243 | D:10     | Noticed a yaktaur captain
 10243 | D:10     | Noticed a frost giant
 10245 | D:10     | Noticed a catoblepas
 10245 | D:10     | Noticed a fire dragon
 10245 | D:10     | Noticed a yaktaur captain
 10245 | D:10     | Noticed a deep troll earth mage
 10245 | D:10     | Noticed a flayed ghost
 10371 | D:10     | Noticed a hill giant
 10386 | D:10     | Killed a hill giant
 10691 | D:10     | Found a bloodstained altar of Trog.
 10795 | Lair:1   | Entered Level 1 of the Lair of Beasts
 10877 | Lair:1   | Reached skill level 8 in Axes
 12177 | Lair:2   | Noticed mistymad's ghost (journeyman FoAK)
 12210 | Lair:2   | Killed mistymad's ghost
 12407 | Lair:2   | You fall through a shaft for 2 floors!
 12422 | Lair:4   | Found a labyrinth entrance.
 12468 | Lab      | Entered a labyrinth
 12857 | Lab      | Noticed a minotaur
 12869 | Lab      | Killed a minotaur
 12869 | Lab      | Reached skill level 10 in Fighting
 12875 | Lab      | Got a smoking granite ring
 12875 | Lab      | Identified the Catalogue of the Floating Voyage
 12876 | Lab      | Got a warped plate armour
 13036 | Lab      | Identified the cursed +0 plate armour of Insatiable Hunger {MR+ Stlth+} (You found it in a labyrinth)
 13037 | Lab      | Identified the ring "Ymirirusch" {+Fly Int+5 Dex+3 Slay-6} (You found it in a labyrinth)
 13172 | Lair:4   | Reached skill level 9 in Axes
 13172 | Lair:4   | Reached XP level 12. HP: 92/97 MP: 15/15
 13193 | Lair:4   | Noticed Harold
 13193 | Lair:4   | Noticed a five-headed hydra
 13214 | Lair:4   | Killed a one-headed hydra
 13220 | Lair:4   | Reached skill level 10 in Axes
 13250 | Lair:4   | Killed Harold
 13353 | Lair:4   | Reached skill level 11 in Axes
 13529 | Lair:4   | Noticed a death yak
 13530 | Lair:4   | Noticed a death yak
 13531 | Lair:4   | Noticed a death yak
 13531 | Lair:4   | Noticed a death yak
 13531 | Lair:4   | Noticed a death yak
 13533 | Lair:4   | Noticed a death yak
 13570 | Lair:4   | Reached skill level 12 in Axes
 13573 | Lair:4   | Killed a death yak
 13989 | Lair:4   | Noticed a six-headed hydra
 13996 | Lair:4   | Reached skill level 13 in Axes
 14011 | Lair:4   | Killed a one-headed hydra
 14234 | Lair:4   | Got a scorched falchion
 14265 | Lair:4   | Found a shimmering altar of Xom.
 14385 | Lair:4   | Noticed a naga warrior
 14409 | Lair:4   | Killed a naga warrior
 14461 | Lair:4   | Killed a death yak
 14461 | Lair:4   | Reached skill level 14 in Axes
 14483 | Lair:4   | Killed a death yak
 14485 | Lair:4   | Killed a death yak
 14503 | Lair:4   | Killed a death yak
 14503 | Lair:4   | Reached skill level 15 in Axes
 14517 | Lair:4   | Killed a death yak
 14826 | Lair:4   | Found a staircase to the Snake Pit.
 14992 | Lair:3   | Got a translucent chain mail
 15003 | Lair:3   | Identified the +7 chain mail "Hoso" {rPois Dex+4} (You found it on level 3 of the Lair of Beasts)
 15123 | Lair:3   | Noticed an eight-headed hydra
 15140 | Lair:3   | Killed a two-headed hydra
 15140 | Lair:3   | Reached skill level 1 in Dodging
 15140 | Lair:3   | Gained mutation: You are completely covered in thin metallic scales. (AC +4, rElec) [demonic ancestry]
 15140 | Lair:3   | Reached XP level 13. HP: 43/103 MP: 16/16
 15343 | Lair:3   | Noticed Nergalle
 15357 | Lair:3   | Killed Nergalle
 15886 | Lair:3   | Identified the +1 falchion of the Six Curses {slice, Int+7} (You found it on level 4 of the Lair of Beasts)
 16089 | Lair:2   | Found a staircase to the Shoals.
 16791 | Lair:5   | Gained mutation: Your system is resistant to poisons. (rPois) [potion of beneficial mutation]
 16869 | Lair:5   | Reached skill level 10 in Shields
 17303 | Lair:5   | Reached skill level 10 in Armour
 17438 | Lair:5   | Found a viscous altar of Jiyva.
 17439 | Lair:5   | Found a staircase to the Slime Pits.
 17470 | Lair:6   | Entered Level 6 of the Lair of Beasts
 17753 | Lair:6   | Reached skill level 5 in Dodging
 17960 | Lair:6   | Got a crystal hand crossbow
 17961 | Lair:6   | Identified the cursed +2 hand crossbow of Hacking and Slashing {freeze, rC+ Stlth+} (You found it on level 6 of the Lair of Beasts)
 18258 | Lair:6   | Gained mutation: You have a pair of antennae on your head. [demonic ancestry]
 18258 | Lair:6   | Reached XP level 14. HP: 100/110 MP: 17/17
 20224 | D:9      | Bought a shimmering war axe for 221 gold pieces
 20229 | D:9      | Identified the cursed +3 war axe of Inunn {chop, Dex+3} (You bought it in a shop on level 9 of the Dungeon)
 20834 | D:11     | Bought a runed cloak for 162 gold pieces
 20848 | D:11     | Bought a pair of embroidered boots for 162 gold pieces
 20862 | D:11     | Identified a +0 pair of boots of running (You bought it in a shop on level 11 of the Dungeon)
 20875 | D:11     | Bought a pair of runed gloves for 162 gold pieces
 21012 | D:12     | Upgraded the game from 0.19-a0-1002-g674d22e to 0.19-a0-1071-g4ed3155
 21123 | D:12     | Noticed Josephine
 21134 | D:12     | Killed Josephine
 21148 | D:12     | DungeonMaster: hey, hows it going?
 21444 | D:12     | Learned a level 2 spell: Repel Missiles
 22243 | D:13     | Found Taen's Assorted Antiques.
 22267 | D:13     | Bought a potion of agility for 148 gold pieces
 22351 | D:13     | Reached skill level 16 in Axes
 22397 | D:13     | Found a gate to the Vaults.
 22814 | D:13     | Noticed Azrael
 22844 | D:13     | Killed Azrael
 23824 | D:15     | Entered Level 15 of the Dungeon
 23853 | D:15     | Reached skill level 1 in Throwing
 23865 | D:15     | Reached XP level 15. HP: 115/115 MP: 18/18
 23948 | D:15     | Noticed a sphinx
 23995 | D:15     | Found a staircase to the Depths.
 24077 | D:15     | Noticed a frost giant
 24103 | D:15     | Killed a frost giant
 24115 | D:15     | Got a jewelled glaive {chop}
 24347 | D:15     | Reached skill level 1 in Evocations
 24360 | D:15     | Paralysed by a great orb of eyes for 3 turns
 24496 | D:15     | Got a steaming trident
 24497 | D:15     | Noticed a fire giant
 24508 | D:15     | Killed a fire giant
 24548 | D:15     | Got a warped rapier
 24769 | D:15     | Noticed an iron dragon
 24793 | D:15     | Killed an iron dragon
 24972 | D:15     | Found Naadiem's Antique Weapon Shoppe.
 24994 | D:15     | Found a basalt altar of Yredelemnul.
 25099 | D:15     | Killed a sphinx
 25433 | Orc:1    | Entered Level 1 of the Orcish Mines
 25436 | Orc:1    | Found Copum's Weapon Emporium.
 25444 | Orc:1    | Paralysed by an orc sorcerer for 7 turns
 25509 | Orc:1    | Found a roughly hewn altar of Beogh.
 25673 | Orc:1    | Noticed an orc warlord
 25704 | Orc:1    | Killed an orc warlord
 26018 | Orc:1    | Found a roughly hewn altar of Beogh.
 26514 | Orc:2    | Entered Level 2 of the Orcish Mines
 26707 | Orc:2    | Found Eqihifax's Antique Armour Shoppe.
 26707 | Orc:2    | Found Avaocleq's Antique Armour Shop.
 26715 | Orc:2    | Found Pesukuv's Food Boutique.
 26731 | Orc:2    | Found Imisoew's Weapon Emporium.
 26917 | Orc:2    | Bought a royal jelly for 24 gold pieces
 26917 | Orc:2    | Bought a slice of pizza for 18 gold pieces
 26917 | Orc:2    | Bought a slice of pizza for 18 gold pieces
 26917 | Orc:2    | Bought a beef jerky for 18 gold pieces
 27074 | Orc:2    | Noticed an orc warlord
 27111 | Orc:2    | Killed an orc warlord
 27234 | Orc:2    | Found a staircase to the Elven Halls.
 27674 | D:15     | Bought a glowing war axe for 122 gold pieces
 27704 | D:15     | Upgraded the game from 0.19-a0-1071-g4ed3155 to 0.19-a0-1384-gbb462ca
 28076 | Snake:1  | Entered Level 1 of the Snake Pit
 28213 | Snake:2  | Reached XP level 16. HP: 100/129 MP: 19/19
 28500 | Snake:2  | Noticed Aizul
 28524 | Snake:2  | Killed Aizul
 28743 | Snake:2  | Noticed Kirke
 28765 | Snake:2  | Killed Kirke
 28848 | Snake:2  | Found Igicurev's Antique Armour Boutique.
 28872 | Snake:2  | Bought a fine scale mail for 279 gold pieces
 28872 | Snake:2  | Bought a pair of embroidered gloves for 139 gold pieces
 28966 | Snake:2  | Identified the cursed +0 scale mail "Wussear" {rC+++ MR+++ Int-5 Dex-3} (You bought it in a shop on level 2 of the Snake Pit)
 29480 | Snake:4  | Entered Level 4 of the Snake Pit
 29560 | Snake:4  | Noticed Asterion
 29581 | Snake:4  | Killed Asterion
 31584 | Snake:4  | Gained mutation: You are mostly covered in sharp spines. [demonic ancestry]
 31584 | Snake:4  | Reached XP level 17. HP: 108/135 MP: 20/20
 31935 | Snake:4  | Reached skill level 17 in Axes
 31968 | Snake:4  | Got a serpentine rune of Zot
 32151 | Snake:1  | Found Cyus's Gadget Shop.
 32718 | Vaults:1 | Entered Level 1 of the Vaults
 32970 | Vaults:1 | Reached skill level 15 in Shields
 33277 | Vaults:1 | Found Akhoen's Antique Weapon Shoppe.
 34644 | D:15     | Bought a jewelled large shield for 256 gold pieces
 34645 | D:15     | Identified the +10 large shield of Immorality {*Confuse rF++ Regen+ Dex+3} (You bought it in a shop on level 15 of the Dungeon)
 34815 | Vaults:2 | Reached skill level 18 in Axes
 34923 | Vaults:2 | Found a ruined gateway.
 34928 | Desolati | Entered the Desolation of Salt
 35395 | Vaults:2 | Reached skill level 10 in Dodging
 35395 | Vaults:2 | Gained mutation: You have a pair of large antennae on your head. (SInv) [demonic ancestry]
 35395 | Vaults:2 | Reached XP level 18. HP: 104/141 MP: 21/21
 35718 | Vaults:2 | Found a staircase to the Crypt.
 35796 | Vaults:2 | Noticed Boris
 35822 | Vaults:2 | Killed Boris
 35826 | Vaults:2 | Cast into level 2 of the Abyss (vault guard)
 35850 | Abyss:2  | Found a corrupted altar of Lugonu.
 36507 | Abyss:2  | Noticed a bone dragon
 36931 | Vaults:2 | Escaped the Abyss
 37204 | Vaults:2 | Cast into level 2 of the Abyss (vault guard)
 37207 | Abyss:2  | Found a corrupted altar of Lugonu.
 37621 | Abyss:2  | Found an ancient bone altar of Kikubaaqudgha.
 37709 | Abyss:2  | Noticed a lich
 37721 | Abyss:2  | Killed a lich
 37728 | Vaults:2 | Escaped the Abyss
 37753 | Vaults:2 | HP: 2/116 [orc warlord/enchanted bardiche (6)]
 37756 | Vaults:2 | Slain by an orc warlord

Vault maps used:
D:1:      kilobyte_arrival_exit_the_forest
D:2:      grunt_temple_overflow_gold_and_silver, lemuel_crystal_altar,
          kennysheep_okawaru_gauntlet, tso_oasis_becter,
          gammafunk_temple_overflow_wave, kennysheep_small_spiral
D:3:      elyvilon_altar_4, hangedman_ru_absence
D:4:      first_bread
D:5:      grunt_ministairs_1, hangedman_abyss_or_decor_stabs,
          nicolae_elemental_shop
D:6:      cheibriados_altar_wand_db, uniq_duvessa
D:7:      small_statue_alley_b
D:8:      kennysheep_little_box, tso_metal_star, uniq_prince_ribbit1
D:9:      lemuel_crystal_altar, nemelex_altar_shiori, dancing_weapons_uskayaw,
          lair_0_dummy, serial_shops, shop
D:10:     minmay_gate_of_8, david_orc_3, basic_altar, hangedman_stone_soup,
          uniq_fannar, uniq_grum, uniq_erica
D:12:     minmay_wavy_crystal, minmay_parallelograms, st_stairs_14,
          uniq_josephine
D:13:     erik_vaults_1, serial_shops, shop, uniq_azrael
D:14:     bh_walls_and_bars
D:15:     grunt_enter_depths_hoard, serial_shops, nicolae_shop_stone,
          basic_altar, minmay_the_grid_net
Temple:   jpeg_temple_island
Lair:1:   minivault_26
Lair:2:   minmay_shoals_entry_lonely_mermaid, grunt_forest_stairs_clearing
Lair:3:   uniq_nergalle
Lair:4:   minmay_snake_entry_guardpost_small, lab_entry_generic, basic_altar,
          portal_ice_cave_entry_ice_beasts, worms_lemuel,
          infiniplex_staircase_pool, lemuel_fruit_fields, uniq_harold
Lair:5:   dpeg_slime_entry_enclosed_altar, infiniplex_staircase_pool_2
Lair:6:   hangedman_lair_tendril_chambers, guppyfry_lair_end_dragon
Snake:1:  serial_shops, nicolae_shop_crystal
Snake:2:  serial_shops, nicolae_shop_crystal, uniq_aizul, uniq_kirke
Snake:3:  special_room
Snake:4:  snake_pit, spider_trap, minmay_snake_pond, uniq_asterion
Orc:1:    orc_temple, serial_shops, shop, nicolae_orc_rockfall, mines1_david
Orc:2:    st_orc_rangers
Vaults:1: dpeg_vaults_monster_box, nicolae_vaults_rhombus_5,
          nicolae_vaults_three_branches, nicolae_vaults_network_quincunx,
          nicolae_vaults_know_your_exits, vaults_room_door_ring,
          nicolae_vaults_shelves_hall, nicolae_vaults_ninety_degrees,
          grunt_vaults_hallway_long, vaults_room_mumra_shop_pool,
          hangedman_vaults_locks, vaults_room_semicircle, hangedman_vaults_trim
Vaults:2: nicolae_vaults_network_quinsquares, hangedman_vaults_capsules,
          v_misc_5, nicolae_vaults_quadrants, v_rooms_4, v_misc_10, v_misc_5,
          vaults_room_hallway, ontoclasm_vaults_gateway,
          minmay_crypt_entry_simple_box, nicolae_vaults_little_squares_6,
          portal_desolation_entry_ruin, uniq_boris, uniq_saint_roka
Abyss:2:  hangedman_abyss_or_decor_jellyfish_corner, abyss_greek_temple,
          guppyfry_abyss_exit_glass_guarded
Lab:      labyrinth_hidden_loot, nicolae_lab_starburst, labyrinth_lava_lair

Skill      XL: |  1  2  3  4  5  6  7  8  9 10 11 12 13 14 15 16 17 18 |
---------------+-------------------------------------------------------+-----
Shields        | 2 3 4 5 6 8 9 10 11 12 14 15 17 | 17.0
Armour         | 1 2 3 4 5 6 7 9 10 11 12 13 | 13.5
Fighting       | 2 3 4 5 7 8 10 12 13 | 13.8
Axes           | 1 2 3 5 6 7 9 15 16 18 | 18.0
Dodging        | 1 6 7 8 9 10 | 10.5
Throwing       | 1 |  1.0
Evocations     | 2 3 |  3.6
Polearms       | |  2.6
Stealth        | |  1.0
Spellcasting   | |  2.0
Translocations | |  1.0

Action                   |  1- 3 |  4- 6 |  7- 9 | 10-12 | 13-15 | 16-18 || total
-------------------------+-------+-------+-------+-------+-------+-------++-------
Melee: Club              |    22 |       |       |       |       |       ||    22
       Short sword       |   158 |    16 |       |       |       |       ||   174
       Hand axe          |       |   172 |   280 |   682 |   805 |       ||  1939
       Scimitar          |       |       |       |    48 |     9 |       ||    57
       War axe           |       |       |       |       |  1166 |   270 ||  1436
       Broad axe         |       |       |       |       |       |  1528 ||  1528
 Fire: Blowgun           |       |       |       |       |    11 |    17 ||    28
Throw: Tomahawk          |       |     6 |    10 |    18 |       |       ||    34
       Stone             |       |     1 |     4 |     1 |       |       ||     6
       Throwing net      |       |       |       |       |     2 |       ||     2
Invok: Call Merchant     |       |       |     1 |     1 |     5 |     2 ||     9
 Abil: Evoke Berserk Rag |       |       |     1 |       |       |       ||     1
Evoke: Wand              |       |       |     3 |    22 |     4 |    14 ||    43
       Box of beasts     |       |       |       |       |     3 |       ||     3
       Fan of gales      |       |       |       |       |     1 |     4 ||     5
       Sack of spiders   |       |       |       |       |       |    12 ||    12
  Use: Scroll            |     5 |     9 |     7 |    16 |    16 |    14 ||    67
       Potion            |       |     1 |       |     4 |     5 |    16 ||    26
 Stab: Distracted        |       |       |       |     5 |    23 |    10 ||    38
       Held in net/web   |       |       |       |       |     2 |       ||     2
       Invisible         |       |       |       |       |       |     1 ||     1
  Eat: Chunk             |     2 |     2 |       |       |       |       ||     4
       Royal jelly       |       |     1 |       |     3 |     2 |       ||     6
       Bread ration      |       |     2 |     2 |     1 |     8 |     3 ||    16
       Beef jerky        |       |       |     1 |       |     4 |       ||     5
       Fruit             |       |       |     3 |     7 |       |     2 ||    12
       Meat ration       |       |       |       |     1 |       |     5 ||     6
       Pizza             |       |       |       |       |     2 |     1 ||     3
Armor: Scale mail        |    56 |    67 |       |    58 |       |       ||   181
       Robe              |     1 |       |       |       |       |       ||     1
       Ring mail         |       |    15 |    90 |   115 |       |       ||   220
       Skin              |       |       |       |     2 |       |       ||     2
       Chain mail        |       |       |       |    34 |   379 |       ||   413
       Gold dragon armou |       |       |       |       |   227 |   783 ||  1010
Dodge: Dodged            |    70 |    64 |   115 |   130 |   219 |   172 ||   770
Block: Shield            |    61 |    95 |   166 |    36 |       |       ||   358
       Large shield      |       |       |       |   508 |  1390 |  1752 ||  3650
       Reflection        |       |       |       |     3 |    83 |   145 ||   231
